 Dungeon Crawl Stone Soup version 0.28.0-53-g5a82cb258f (webtiles) character file.

Game seed: 5263469730347505652

436 safid the Digger (level 7, -4/43 HPs)
             Began as a Gargoyle Earth Elementalist on Aug 31, 2022.
             Slain by Duvessa
             ... wielding a +0 short sword
              (7 damage)
             ... on level 4 of the Dungeon.
             The game lasted 00:05:51 (4026 turns).

safid the Digger (Gargoyle Earth Elementalist)      Turns: 4026, Time: 00:05:51

Health: -4/43      AC: 10    Str: 11    XL:     7   Next: 1%
Magic:  5/13       EV: 12    Int: 18    God:
Gold:   158        SH:  0    Dex: 10    Spells: 10/14 levels left

rFire   . . .      SeeInvis .   m - +0 short sword
rCold   . . .      Faith    .   (no shield)
rNeg    + . .      Spirit   .   b - +0 robe
rPois   ∞          Reflect  .   o - +0 helmet
rElec   +          Harm     .   (no cloak)
rCorr   .          Rampage  .   e - +2 pair of gloves
Will    .....                   (no boots)
Stlth   ++........              (no amulet)
HPRegen 0.14/turn               (no ring)
MPRegen 0.13/turn               (no ring)

@: no status effects
A: sickness immunity, AC +4, negative energy resistance 1, electricity
resistance, torment resistance 1, petrification resistance
a: no special abilities


You were on level 4 of the Dungeon.
You visited 1 branch of the dungeon, and saw 4 of its levels.

You collected 158 gold pieces.

Inventory:

Hand Weapons
 m - a +0 short sword (weapon)
Missiles
 c - 100 stones
 k - 4 javelins
Armour
 b - a +0 robe (worn)
 e - a +2 pair of gloves (worn)
 o - a +0 helmet (worn)
Jewellery
 t - a ring of willpower
Wands
 d - a wand of flame (21)
 l - a wand of iceblast (7)
Scrolls
 a - 2 scrolls of identify {unknown}
 g - a scroll of fear {unknown}
 h - a scroll of vulnerability {unknown}
 j - a scroll of teleportation {unknown}
 p - a scroll of summoning {unknown}
 s - a scroll of silence {unknown}
Potions
 f - 3 potions of curing {unknown}
 i - a potion of mutation {unknown}
 n - a potion of heal wounds {unknown}
 q - 2 potions of degeneration {unknown}
 r - a potion of resistance {unknown}


   Skills:
 + Level 4.0 Fighting
 - Level 2.0 Dodging
 - Level 2.1 Stealth
 + Level 4.0 Spellcasting
 - Level 1.0 Transmutations
 + Level 5.9 Earth Magic


You had 10 spell levels left.
You knew the following spells:

 Your Spells              Type           Power      Damage    Failure   Level
a - Sandblast             Erth           48%        2d12      1%          1
b - Stone Arrow           Conj/Erth      28%        3d8       13%         3

Your spell library contained the following spells:

 Spells                   Type           Power      Damage    Failure   Level
 Passwall                 Tmut/Erth      13%        N/A       5%          2
 Foxfire                  Conj/Fire      12%        2x1d4     14%         1
 Magic Dart               Conj           12%        1d3       14%         1
 Call Imp                 Summ           3%         N/A       22%         2
 Petrify                  Tmut/Erth      16%        N/A       34%         4
 Conjure Flame            Conj/Fire      3%         6-21      41%         3
 Inner Flame              Hex/Fire       3%         N/A       41%         3
 Mephitic Cloud           Conj/Pois/Air  3%         N/A       41%         3
 Flame Wave               Conj/Fire      3%         2d4       82%         4


Dungeon Overview and Level Annotations

Branches:
Dungeon (4/15)
 Temple: D:4-7

Altars:

Shops:
D:1 [

Annotations:
D:3 Edmund
D:4 Dowan, Duvessa


Innate Abilities, Weirdness & Mutations

You are immune to sickness and miasma.
Your stone body is resilient. (AC +4)
You are immune to poison.
You resist negative energy. (rN+)
You are resistant to electric shocks. (rElec)
You are resistant to unholy torment.
You are immune to petrification.


Message History

Confirm with . or Enter, or press ? or * to list all spells.
Aiming: Sandblast (safe; 1% risk of failure)
Press: ? - help, Shift-Dir - straight line, f/p - Duvessa
Aim: Duvessa, wielding a +0 short sword and wearing a +3 chain mail of cold resistance (moderately wounded, 88% to hit)
The blast of sand hits Duvessa but does no damage.
Duvessa is moderately wounded.
Duvessa hits you with a +0 short sword!
Casting: Sandblast (safe; 1% risk of failure)
Confirm with . or Enter, or press ? or * to list all spells.
Aiming: Sandblast (safe; 1% risk of failure)
Press: ? - help, Shift-Dir - straight line, f/p - Duvessa
Aim: Duvessa, wielding a +0 short sword and wearing a +3 chain mail of cold resistance (moderately wounded, 88% to hit)
The blast of sand hits Duvessa!
Duvessa is heavily wounded.
Duvessa hits you with a +0 short sword!
* * * LOW HITPOINT WARNING * * *
Duvessa says, "Did you see that move?
Perfect!"
Dowan gestures wildly while chanting.
Dowan blinks!
Duvessa hits you with a +0 short sword.
* * * LOW HITPOINT WARNING * * *
Duvessa says, "When magic and the sword combine, nothing stands against them."
Casting: Sandblast (safe; 1% risk of failure)
Confirm with . or Enter, or press ? or * to list all spells.
Aiming: Sandblast (safe; 1% risk of failure)
Press: ? - help, Shift-Dir - straight line, f/p - Duvessa
Aim: Duvessa, wielding a +0 short sword and wearing a +3 chain mail of cold resistance (heavily wounded, 88% to hit)
The blast of sand hits Duvessa but does no damage.
Duvessa is heavily wounded.
Duvessa misses you.
Unknown command.
Casting: Sandblast (safe; 1% risk of failure)
Confirm with . or Enter, or press ? or * to list all spells.
Aiming: Sandblast (safe; 1% risk of failure)
Press: ? - help, Shift-Dir - straight line, f/p - Duvessa
Aim: Duvessa, wielding a +0 short sword and wearing a +3 chain mail of cold resistance (heavily wounded, 88% to hit)
The blast of sand hits Duvessa but does no damage.
Duvessa is heavily wounded.
Duvessa hits you with a +0 short sword!
You die...

#...........#......#.....#
##..........#......#..>..#
##...###...##.##...###..##
##...###...##.###########
...............#.....#
...............#.....#
##.............#.....# ########
##.............#.....# #.......
.......<.......#@....# #.#.....
##....####....##e...######..#...#
##....##########....##.......#..#
#........'....#.....#.........#..
#........#....#.....+.........^#.
#........#....#.....#.......##..#
#........#....'.....#.......##..#
##.......#....#.....#..........#.
##.......#....#.....#.........#..


You could see Duvessa.

Vanquished Creatures
  Grinder (D:3)
  An ogre (D:4)
  A bullfrog zombie (D:4)
  An iguana (D:4)
  5 adders
  An adder skeleton (D:4)
  2 dart slugs
  4 endoplasms
  3 giant cockroaches
  4 goblins
  5 hobgoblins
  3 jackals (D:1)
  2 quokkas (D:1)
  6 ball pythons
  3 bats
  A frilled lizard (D:2)
  4 kobolds
  3 rats
50 creatures vanquished.

Notes
Turn   | Place    | Note
-------+----------+-------------------------------------------
     0 | D:1      | safid the Gargoyle Earth Elementalist began the quest for
                  | the Orb.
     0 | D:1      | Reached XP level 1. HP: 10/10 MP: 3/3
   264 | D:1      | Reached skill level 1 in Transmutations
   264 | D:1      | Reached XP level 2. HP: 10/16 MP: 5/5
   597 | D:1      | Found Kaican's Antique Armour Shop.
  1201 | D:1      | Reached skill level 1 in Fighting
  1562 | D:2      | Reached XP level 3. HP: 15/20 MP: 6/6
  1564 | D:2      | Reached skill level 4 in Earth Magic
  1569 | D:2      | Learned a level 3 spell: Stone Arrow
  1790 | D:2      | Reached XP level 4. HP: 20/26 MP: 7/7
  2354 | D:3      | Noticed Grinder
  2376 | D:3      | Killed Grinder
  2377 | D:3      | Reached skill level 5 in Earth Magic
  2377 | D:3      | Reached XP level 5. HP: 24/32 MP: 5/10
  2377 | D:3      | Reached XP level 6. HP: 28/37 MP: 5/11
  3352 | D:4      | Noticed Edmund
  3805 | D:4      | Reached XP level 7. HP: 40/43 MP: 13/13
  3994 | D:4      | Noticed Duvessa
  3994 | D:4      | Noticed Dowan
  4012 | D:4      | HP: 1/43 [Duvessa/+0 short sword (6)]
  4026 | D:4      | Slain by Duvessa

Illustrated notes

Levels and vault maps discovered:
D:1:      eino_arrival_druids_welcome, layout_loops_ring, serial_shops,
          nicolae_shop_stone
D:2:      layout_basic
D:3:      layout_loops_cross, nicolae_figureground_pulse, uniq_grinder
D:4:      layout_gridville, minivault_26, kennysheep_generic_room_4,
          uniq_duvessa, uniq_edmund

Skill      XL: |  1  2  3  4  5  6 |
---------------+-------------------+-----
Transmutations | 1 |  1.0
Fighting       | 1 3 4 |  4.0
Dodging        | 2 |  2.0
Earth Magic    | 4 5 |  5.9
Spellcasting   | 3 4 |  4.0
Stealth        | |  2.1

Action                   |  1- 3 |  4- 6 |  7- 9 || total
-------------------------+-------+-------+-------++-------
Melee: Whip              |    81 |       |       ||    81
       Unarmed           |     5 |       |       ||     5
       Short sword       |    15 |    68 |     7 ||    90
       Punch             |       |     2 |       ||     2
 Cast: Sandblast         |    14 |    26 |    11 ||    51
       Stone Arrow       |       |     4 |       ||     4
 Stab: Sleeping          |     1 |     1 |       ||     2
       Distracted        |     1 |       |       ||     1
Armor: Robe              |    46 |    49 |     6 ||   101
Dodge: Dodged            |    63 |    93 |     8 ||   164
